 Dungeon Crawl Stone Soup version 0.16.1-51-g6203257 (webtiles) character file.

12777 Miyamura the Corrupter of Planes (level 12, -12/95 HPs)
             Began as a Formicid Abyssal Knight on July 12, 2015.
             Was the Champion of Lugonu.
             Mangled by an orc knight
             ... wielding a +0 great sword
              (20 damage)
             ... on level 3 of the Orcish Mines on July 13, 2015.
             The game lasted 00:58:24 (18368 turns).

Miyamura the Corrupter of Planes (FoAK)            Turns: 18368, Time: 00:58:24

Health: -12/95     AC: 12    Str: 19    XL:     12   Next: 24%
Magic:  23/27      EV: 10    Int: 19    God:    Lugonu [******]
Gold:   1586       SH: 11    Dex: 10    Spells: 1 memorised, 5 levels left

rFire  . . .     SeeInvis +     K - +0 war axe (venom)
rCold  . . .     Clarity  .     h - +0 chain mail
rNeg   . . .     SustAb   .     f - +0 shield
rPois  .         Gourm    .     (helmet unavailable)
rElec  .         Spirit   .     (no cloak)
rCorr  .         Warding  .     y - +0 pair of gloves
rMut   +         Stasis   +     (no boots)
MR     +....                    A - amulet of resist mutation
Stlth  ..........               x - +4 ring of intelligence
                                i - ring of wizardry

@: somewhat resistant to hostile enchantments, extremely unstealthy
A: permanent stasis, dig shafts and tunnels, four strong arms, antennae 3
a: Dig, Shaft Self, Depart the Abyss, Bend Space, Banish, Corrupt, Enter the
Abyss, Renounce Religion


You were on level 3 of the Orcish Mines.
You worshipped Lugonu.
Lugonu was exalted by your worship.
You were hungry.

You visited 3 branches of the dungeon, and saw 14 of its levels.
You visited the Abyss 1 time.
You also visited: Bailey.

You collected 1586 gold pieces.

Inventory:

Hand weapons
 b - a +0 battleaxe of venom
 E - a +1 trident of flaming
 J - a +1 war axe of distortion
 K - a +0 war axe of venom (weapon)
Armour
 f - a +0 shield (worn)
 h - a +0 chain mail (worn)
 y - a +0 pair of gloves (worn)
Magical staves
 l - an uncursed staff of death
 p - an uncursed staff of cold
Jewellery
 e - an uncursed ring of wizardry
 i - a ring of wizardry (left hand)
 x - a +4 ring of intelligence (right hand)
 A - an amulet of resist mutation (around neck)
Scrolls
 g - 4 scrolls of identify
 j - 5 scrolls of remove curse
 k - 5 scrolls of amnesia
 q - a scroll of summoning
 H - a scroll of enchant weapon
Potions
 a - a potion of cancellation
 d - a potion of lignification
 r - 2 potions of magic
 s - 2 potions of flight
 u - 2 potions of resistance
 v - a potion of restore abilities
 w - a potion of brilliance
 z - a potion of might
 C - a potion of mutation
 G - a potion of ambrosia
Books
 B - a book of Transfigurations

   Spells                             Type                      Level
   a - Stoneskin                      Transmutation/Earth          2
   b - Irradiate                      Conjuration/Transmutation    5
   c - Statue Form                    Transmutation/Earth          6
   d - Hydra Form                     Transmutation                6
   e - Dragon Form                    Transmutation                7
Miscellaneous
 L - a disc of storms
Comestibles
 c - 12 bread rations
 m - 3 fruits
 n - 2 chunks of flesh
 o - 2 meat rations
 t - 7 beef jerkies
 D - 2 slices of pizza
 F - a royal jelly


   Skills:
 + Level 9.0 Fighting
 + Level 8.3 Axes
 + Level 8.7 Armour
 + Level 7.2 Dodging
 + Level 9.3 Shields
 + Level 9.3 Invocations


You had 5 spell levels left.
You knew the following spells:

 Your Spells              Type           Power        Failure   Level  Hunger
a - Statue Form           Trmt/Erth      #........    100%        6    #######


Dungeon Overview and Level Annotations

Branches:
Dungeon (9/15)             Temple (1/1) D:7            Lair (0/8) D:8
    Orc (4/4) D:9             Elf (0/3) Orc:3

Altars:
Ashenzari
Cheibriados
Dithmenos
Elyvilon
Fedhas
Gozag
Kikubaaqudgha
Makhleb
Nemelex Xobeh
Okawaru
Qazlal
Ru
Sif Muna
Trog
Vehumet
Xom
Yredelemnul
Zin
The Shining One
Beogh

Shops:
D:8 }


Innate Abilities, Weirdness & Mutations

You are under a permanent stasis effect.
You can dig through walls and to a lower floor.
Your four strong arms can wield two-handed weapons with a shield.
You have a pair of large antennae on your head (SInv).


Message History

The orc knight shouts!
The orc knight roars a battlecry!
The orcs go into a battle-frenzy!
The orc knight hits you with a great sword.
* * * LOW HITPOINT WARNING * * *
The orc knight roars a battlecry!
There is a stone staircase leading up here.
You block the orc knight's attack.
The orc priest mumbles some strange prayers to Beogh against you.
Something smites you!
* * * LOW HITPOINT WARNING * * *
You climb upwards.
There is a stone staircase leading down here.
Use which ability? (? or * to list)
Press: ? - help, Shift-Dir - straight line, f - orc knight
Aim: an orc knight, wielding a great sword and wearing a plate armour (chance 72%)
The orc knight struggles to resist.
You are feeling hungry.
The orc knight hits you with a great sword!!
You die...

§≈8.8≈≈≈≈# ###.###............#..
§≈≈.≈≈§#####....###<........#.##.
≈≈..≈≈#####............#.........
##..###.(##..#...)......##.......
#[##..........).).............#.
#[##..(.(....[[[)...............
##[##..##..................(.....
#..[...###.......)............#..
.....(.# #....(.@..<..(....#..#..
...#...# ##....[o.............(..
#...#.######.....................
##.######.#......(...............
### #...#......(..............
#....##.......#.##......#.
##...........[...#........
#....##......>).#.........
##.#####.....[)......[[)..


You could see an orc knight.

Vanquished Creatures
  2 orc knights (Orc:2)
  A deep elf conjurer (Orc:3)
  A komodo dragon (D:8)
  Grinder (D:4)
  6 trolls
  A two-headed ogre (Orc:3)
  A deep elf mage (Orc:2)
  10 deep elf fighters
  A steam dragon (D:8)
  Grum (D:8)
  4 wolves
  A hungry ghost (D:8)
  2 ice beasts (D:7)
  3 sky beasts
  2 black bears
  14 orc warriors
  A phantom (D:8)
  4 centaurs
  5 crocodiles (D:8)
  10 ogres
  4 giant frogs
  A water moccasin zombie (D:5)
  3 scorpions
  7 wights
  3 crimson imps
  A centaur zombie (D:9)
  A jelly (D:8)
  5 iguanas
  20 orc priests
  A centaur skeleton (D:5)
  7 hounds
  24 orc wizards
  7 worker ants
  Jessica (D:2)
  A hound skeleton (D:4)
  A hound zombie (D:8)
  3 worker ant zombies
  4 gnolls
  5 adders
  2 giant mites
  3 worms (D:2)
  2 shadow imps
  An adder zombie (D:8)
  9 giant geckos
  An ooze (D:2)
  140 orcs
  3 ball pythons
  14 bats
  A bat skeleton (D:6)
  A bat zombie (D:7)
  5 giant cockroaches
  18 goblins
  33 hobgoblins
  13 jackals
  26 kobolds
  2 quokkas (D:3)
  2 giant gecko skeletons
  6 giant newts
  A kobold zombie (D:7)
  19 rats
472 creatures vanquished.

Vanquished Creatures (others)
  A deep troll (Orc:2)
  A two-headed ogre (Orc:2)
  4 orc warriors (Bailey)
  A sky beast (D:8)
  A scorpion (D:7)
  A quokka skeleton (D:7)
9 creatures vanquished.

Grand Total: 481 creatures vanquished

Notes
Turn   | Place    | Note
--------------------------------------------------------------
     0 | Abyss:1  | Miyamura, the Formicid Abyssal Knight, began the quest for the Orb.
     0 | Abyss:1  | Reached XP level 1. HP: 18/18 MP: 1/1
    58 | Abyss:1  | Noticed an ancient zyme
    60 | D:1      | Escaped the Abyss
   443 | D:1      | Reached skill level 1 in Dodging
   445 | D:1      | Acquired Lugonu's first power
   594 | D:1      | Reached XP level 2. HP: 24/24 MP: 3/3
  1515 | D:2      | Reached XP level 3. HP: 24/30 MP: 5/5
  1970 | D:1      | Reached skill level 1 in Shields
  1970 | D:1      | Reached XP level 4. HP: 30/37 MP: 6/6
  1973 | D:1      | Acquired Lugonu's second power
  2310 | D:2      | Noticed Jessica
  2317 | D:2      | Killed Jessica
  2317 | D:2      | Reached XP level 5. HP: 40/42 MP: 10/10
  2330 | D:2      | Found a blossoming altar of Fedhas.
  2330 | D:2      | Found a bloodstained altar of Trog.
  2331 | D:2      | Found a glowing silver altar of Zin.
  2332 | D:2      | Found a glowing golden altar of the Shining One.
  2333 | D:2      | Found a shattered altar of Ashenzari.
  2336 | D:2      | Found a shadowy altar of Dithmenos.
  2682 | D:3      | Reached skill level 4 in Fighting
  3064 | D:3      | Found an opulent altar of Gozag.
  3299 | D:4      | Acquired Lugonu's third power
  3299 | D:4      | Reached XP level 6. HP: 18/48 MP: 12/12
  4186 | D:4      | Reached XP level 7. HP: 55/55 MP: 14/14
  4377 | D:4      | Noticed Grinder
  4394 | D:4      | You fall through a shaft!
  4394 | D:5      | Entered Level 5 of the Dungeon
  4405 | D:5      | You fall through a shaft for 3 floors!
  4616 | D:8      | Noticed a wolf
  4627 | D:8      | Killed a wolf
  4752 | D:8      | Noticed a hungry ghost
  5150 | D:7      | Reached XP level 8. HP: 38/61 MP: 17/17
  5158 | D:7      | Reached skill level 5 in Fighting
  5624 | D:7      | Reached skill level 5 in Invocations
  5629 | D:7      | Found a snail-covered altar of Cheibriados.
  5640 | D:7      | Acquired Lugonu's fourth power
  5884 | D:6      | Reached skill level 5 in Armour
  5913 | D:6      | Reached XP level 9. HP: 38/68 MP: 19/19
  6170 | D:4      | Killed Grinder
  6170 | D:4      | Reached skill level 5 in Axes
  6170 | D:4      | Reached skill level 5 in Shields
  6749 | D:5      | Acquired Lugonu's fifth power
  7124 | D:5      | Reached skill level 6 in Fighting
  8644 | D:7      | Found a staircase to the Ecumenical Temple.
  8712 | Temple   | Entered the Ecumenical Temple
  8968 | D:7      | Reached XP level 10. HP: 70/77 MP: 21/21
  9095 | D:8      | Noticed Grum
  9095 | D:8      | Noticed a wolf
  9095 | D:8      | Noticed a wolf
  9098 | D:8      | Noticed a wolf
  9109 | D:7      | Killed a wolf
  9125 | D:7      | Killed a wolf
  9125 | D:7      | Reached skill level 5 in Dodging
  9134 | D:7      | HP: 3/77 [wolf[Grum] (5)]
  9142 | D:7      | Killed a wolf
  9421 | D:8      | Killed Grum
  9421 | D:8      | Reached skill level 7 in Fighting
  9597 | D:8      | Killed a hungry ghost
  9637 | D:8      | Found Zucaum's Gadget Shoppe.
  9679 | D:8      | Found a shattered altar of Ashenzari.
  9684 | D:8      | Saw a vision of the Shoals and the Snake Pit.
  9684 | D:8      | Noticed a hippogriff
  9684 | D:8      | Noticed a merfolk
  9684 | D:8      | Noticed a merfolk
  9684 | D:8      | Noticed a hippogriff
  9684 | D:8      | Noticed a naga sharpshooter
 10502 | D:8      | Noticed a komodo dragon
 10523 | D:8      | Killed a komodo dragon
 10708 | D:8      | Found a staircase to the Lair.
 10721 | D:8      | Noticed a steam dragon
 10730 | D:8      | Killed a steam dragon
 11541 | D:9      | Found a staircase to the Orcish Mines.
 11824 | D:9      | Reached XP level 11. HP: 65/85 MP: 24/24
 12522 | Orc:1    | Entered Level 1 of the Orcish Mines
 12984 | Orc:1    | Reached skill level 8 in Fighting
 13450 | Orc:1    | Noticed an orc knight
 13576 | Orc:2    | Learned a level 6 spell: Statue Form
 13600 | Orc:2    | Killed an orc knight
 13717 | Orc:1    | Noticed an orc knight
 13918 | Orc:2    | Killed an orc knight
 14171 | Orc:1    | Found a burning altar of Makhleb.
 15485 | Orc:3    | Found a staircase to the Elven Halls.
 15526 | Orc:3    | Found a flagged portal.
 15534 | Bailey   | Entered a bailey
 16596 | Orc:3    | Noticed a deep elf conjurer
 16619 | Orc:3    | Killed a deep elf conjurer
 17082 | Orc:2    | Reached XP level 12. HP: 94/94 MP: 26/26
 17173 | Orc:3    | Found a roughly hewn altar of Beogh.
 17178 | Orc:3    | Noticed a deep troll
 17225 | Orc:3    | Reached skill level 9 in Shields
 17245 | Orc:2    | Banished a deep troll
 18159 | Orc:4    | Entered Level 4 of the Orcish Mines
 18368 | Orc:3    | Mangled by an orc knight

Action                   |  1- 3 |  4- 6 |  7- 9 | 10-12 || total
-------------------------+-------+-------+-------+-------++-------
Melee: Hand axe          |   149 |   157 |       |       ||   306
       War axe           |       |    24 |   526 |   876 ||  1426
       Battleaxe         |       |       |       |    20 ||    20
Invok: Depart the Abyss  |     1 |       |       |       ||     1
       Banish            |       |     1 |       |     9 ||    10
 Abil: Dig               |     1 |     1 |     3 |     3 ||     8
       Shaft Self        |       |       |     2 |       ||     2
Evoke: Wand              |       |       |       |     1 ||     1
  Use: Scroll            |     8 |     4 |    10 |     6 ||    28
       Potion            |       |     1 |     3 |    11 ||    15
  Eat: Chunk             |     4 |     8 |    11 |    29 ||    52
       Meat ration       |       |       |     1 |     1 ||     2
       Royal jelly       |       |       |     1 |       ||     1
       Pizza             |       |       |       |     1 ||     1
